 Dungeon Crawl Stone Soup version 0.29.1-2-gbd0b4ee654 (webtiles) character file.

Game seed: 16952509053837105239

3265 styxcanada the Covert (level 9, -2/40 (44) HPs)
             Began as a Spriggan Brigand on Nov 23, 2022.
             Was an Initiate of Gozag.
             Slain by a wight
             ... wielding a +4 trident of freezing
              (4 damage)
             ... on level 7 of the Dungeon.
             The game lasted 00:35:08 (8295 turns).

styxcanada the Covert (Spriggan Brigand)            Turns: 8295, Time: 00:35:08

HP:   -2/40 (44)    AC: 36    Str: 10    XL:     9   Next: 68%
MP:   17/17         EV: 11    Int:  8    God:    Gozag
Gold: 1862          SH:  0    Dex: 22    Spells: 15/17 levels left

rFire   . . .      SeeInvis +   m - +3 short sword (protect)
rCold   . . .      Faith    .   (no shield)
rNeg    . . .      Spirit   .   q - +16 shadow dragon scales "Neigh" {Rampage Str+3 Int-5 Dex+2 Stlth++++}
rPois   .          Reflect  .   (helmet restricted)
rElec   .          Harm     .   c - +0 cloak
rCorr   .          Rampage  +   (gloves unavailable)
Will    +....                   (boots unavailable)
Stlth   ++++++....              s - amulet of regeneration
HPRegen 0.93/turn               (no ring)
MPRegen 0.15/turn               (no ring)

@: gold aura, under a protective aura, drained, very quick
A: very small, no large weapons, unfitting armour, see invisible, speed 3
a: Renounce Religion, Potion Petition, Call Merchant, Bribe Branch


You were on level 7 of the Dungeon.
You worshipped Gozag.
Gozag was most pleased with you.
You visited 1 branch of the dungeon, and saw 7 of its levels.
You also visited: Bailey.

You collected 1920 gold pieces.
You paid 58 gold pieces to Gozag.

Inventory:

Hand Weapons
 a - a +2 dagger
 m - a +3 short sword of protection (weapon)
 w - a +5 sling
Missiles
 d - 24 poisoned darts (quivered)
 e - 3 curare-tipped darts
 k - 62 stones
 v - 4 throwing nets
Armour
 b - a +1 robe
 c - a +0 cloak (worn)
 q - the +16 shadow dragon scales "Neigh" (worn) {Rampage Str+3 Int-5 Dex+2 Stlth++++}
   (You acquired it on level 4 of the Dungeon)

   Str:       It affects your strength (+3).
   Int:       It affects your intelligence (-5).
   Dex:       It affects your dexterity (+2).
   Rampage:   It bestows one free step when moving towards enemies.
   Stlth:     It makes you much more stealthy.
Jewellery
 l - a ring of fire
 s - an amulet of regeneration (around neck)
 u - a ring of flight
 z - an amulet of the acrobat
Wands
 n - a wand of digging (7)
 y - a wand of roots (2)
Scrolls
 f - a scroll of poison
 h - 3 scrolls of fog
 o - 4 scrolls of teleportation
 r - a scroll of fear
Potions
 g - a potion of haste
 i - 3 potions of lignification
 j - 3 potions of curing
 t - 2 potions of invisibility
 x - 2 potions of flight
 A - a potion of resistance
 B - a potion of heal wounds {unknown}


   Skills:
 + Level 3.5 Fighting
 + Level 6.4 Short Blades
 + Level 3.2 Throwing
 * Level 3.0 Armour
 * Level 6.0 Dodging
 * Level 10.4 Stealth
 * Level 4.7 Spellcasting
 * Level 4.6 Hexes
 * Level 2.9 Ice Magic
 * Level 4.7 Evocations


You had 15 spell levels left.
You knew the following spells:

 Your Spells              Type           Power      Damage    Failure   Level
a - Ensorcelled Hibernat  Hex/Ice        16%        N/A       99%         2

Your spell library contained the following spells:

 Spells                   Type           Power      Damage    Failure   Level
 Magic Dart               Conj           4%         1d3       100%        1
 Call Imp                 Summ           1%         N/A       100%        2
 Passwall                 Tmut/Erth      0%         N/A       100%        2
 Static Discharge         Conj/Air       1%         3-4/arc   100%        2
 Mephitic Cloud           Conj/Pois/Air  1%         N/A       100%        3
 Swiftness                Air            1%         N/A       100%        3
 Airstrike                Air            0%         2d(1-17)  100%        4
 Dispel Undead            Necr           1%         3d6       100%        4
 Sticky Flame             Conj/Fire      1%         2d3       100%        4
 Summon Lightning Spire   Summ/Air       1%         N/A       100%        4
 Lightning Bolt           Conj/Air       0%         1d11      100%        5
 Summon Forest            Summ/Tloc      0%         N/A       100%        5
 Monstrous Menagerie      Summ           0%         N/A       100%        7
 Necromutation            Tmut/Necr      0%         N/A       100%        8


Dungeon Overview and Level Annotations

Branches:
Dungeon (7/15)             Temple (0/1) D:7          Bailey (visited)

Altars:
Gozag
Hepliaklqana
Kikubaaqudgha
Nemelex Xobeh
Uskayaw
Wu Jian
The Shining One

Shops:
D:5 (


Innate Abilities, Weirdness & Mutations

You are very small and have problems with some larger weapons.
You are too small for most types of armour.
You have supernaturally acute eyesight. (SInv)
You cover ground extremely quickly. (Speed+++)


Message History

6 gold pieces; a +4 dagger; a +0 robe The wight barely misses you. x2
You see here a scroll of fog.
h - 3 scrolls of fog (gained 1)
The wight hits you but does no damage.
You rampage towards the wight!
You hit the wight.
Your weapon exudes an aura of protection.
The wight is moderately damaged.
You hit the wight.
The wight is heavily damaged.
The wight hits you but does no damage.
The wight hits you from afar with a +4 trident of freezing.
You feel drained. The wight freezes you.
You hit the wight but do no damage.
The wight is heavily damaged.
The wight hits you with a +3 halberd! The wight barely misses you.
You closely miss the wight.
The wight is heavily damaged.
The wight misses you. The wight hits you but does no damage.
You hit the wight.
The wight is almost destroyed.
The wight hits you with a +3 halberd!
You feel drained. The wight closely misses you.
You hit the wight.
You destroy the wight!
You rampage towards the wight!
You barely miss the wight.
The wight hits you but does no damage. x2
You hit the wight.
The wight is moderately damaged.
The wight hits you but does no damage. x2
You hit the wight but do no damage.
The wight is moderately damaged.
The wight hits you but does no damage.
The wight hits you with a +4 trident of freezing!
* * * LOW HITPOINT WARNING * * *
You feel drained.
* * * LOW HITPOINT WARNING * * *
The wight freezes you.
You die...
Your body crumbles into a pile of gold.

...###...
#.#.## ...
##.####.#..##
.#.##......$#
..........#.##
#..#.........#
#.##...$..####
##.##......#
#..##z.....#
#...@z######
#.##### #..
###


You could see 2 wights.

Vanquished Creatures
  A wraith (D:6)
  Grum (Bailey)
  A black bear (D:6)
  An ice beast (D:6)
  An orc warrior (D:6)
  An ogre (D:5)
  6 wolves (Bailey)
  A kobold brigand (D:7)
  The ghost of sigtrap the Sneak, an amateur SpVM (D:3)
  A bullfrog (D:7)
  6 gnoll sergeants
  2 scorpions (D:5)
  6 wights
  3 howler monkeys
  6 hounds
  A jelly (D:6)
  2 orc priests (D:5)
  6 gnoll boudas (Bailey)
  5 iguanas
  2 orc wizards
  9 adders
  19 gnolls
  A hound simulacrum (D:3)
  A shadow imp (D:6)
  2 white imps
  2 worms (D:2)
  4 dart slugs
  An adder simulacrum (D:3)
  17 orcs
  2 bats (D:1)
  6 endoplasms
  3 giant cockroaches
  7 goblins
  11 hobgoblins
  2 jackals (D:3)
  12 kobolds
  3 quokkas
  6 ball pythons
  4 frilled lizards
  A giant cockroach simulacrum (D:3)
  9 rats
176 creatures vanquished.

Vanquished Creatures (others)
  An orc wizard (D:7)
  4 plants (D:4)
5 creatures vanquished.

Grand Total: 181 creatures vanquished

Notes
Turn   | Place    | Note
-------+----------+-------------------------------------------
     0 | D:1      | styxcanada the Spriggan Brigand began the quest for the
                  | Orb.
     0 | D:1      | Reached XP level 1. HP: 10/10 MP: 2/2
    98 | D:1      | Reached skill level 6 in Stealth
   173 | D:1      | Reached XP level 2. HP: 8/15 MP: 3/3
   942 | D:1      | Reached XP level 3. HP: 18/18 MP: 4/4
  1249 | D:2      | Found an ancient bone altar of Kikubaaqudgha.
  1397 | D:2      | Reached skill level 7 in Stealth
  1617 | D:2      | Reached XP level 4. HP: 22/23 MP: 5/5
  2392 | D:3      | Reached skill level 1 in Spellcasting
  2688 | D:3      | Found an opulent altar of Gozag.
  2693 | D:3      | Became a worshipper of Gozag Ym Sagoz the Greedy
  2724 | D:3      | Reached XP level 5. HP: 26/26 MP: 7/7
  3108 | D:3      | Noticed sigtrap's ghost (amateur SpVM)
  3140 | D:3      | Learned a level 2 spell: Ensorcelled Hibernation
  3140 | D:3      | Found a runed translucent gate.
  3140 | D:3      | Found a runed translucent gate.
  3141 | D:3      | Found a runed translucent gate.
  3615 | D:3      | Killed sigtrap's ghost
  3919 | D:4      | Identified a scroll of acquirement
  3919 | D:4      | Acquired the +16 shadow dragon scales "Neigh" {Rampage
                  | Str+3 Int-5 Dex+2 Stlth++++}
  3926 | D:4      | Found an ornate altar of the Wu Jian Council.
  4046 | D:4      | Reached XP level 6. HP: 26/32 MP: 9/9
  4059 | D:4      | Reached skill level 8 in Stealth
  4059 | D:4      | Reached skill level 1 in Hexes
  4545 | D:5      | Entered Level 5 of the Dungeon
  4585 | D:5      | Reached skill level 1 in Evocations
  4614 | D:5      | Found a hazy altar of Hepliaklqana.
  4727 | D:5      | Reached skill level 1 in Ice Magic
  4727 | D:5      | Reached XP level 7. HP: 35/35 MP: 11/11
  4842 | D:5      | Found Exkaux's Antique Weapon Emporium.
  5036 | D:5      | Reached skill level 1 in Armour
  5093 | D:5      | Found a hide-covered altar of Uskayaw.
  5660 | D:6      | Reached XP level 8. HP: 39/39 MP: 13/13
  5731 | D:6      | Reached skill level 5 in Short Blades
  5891 | D:6      | Found a sparkling altar of Nemelex Xobeh.
  5933 | D:6      | Reached skill level 9 in Stealth
  5952 | D:6      | Reached skill level 5 in Dodging
  6917 | D:7      | Found a staircase to the Ecumenical Temple.
  6993 | D:7      | Found a glowing golden altar of the Shining One.
  6994 | D:7      | Found a flagged portal.
  7005 | Bailey   | Entered a bailey
  7067 | Bailey   | Reached XP level 9. HP: 36/44 MP: 16/16
  7273 | Bailey   | Noticed Grum
  7314 | Bailey   | Killed Grum
  7523 | Bailey   | Reached skill level 10 in Stealth
  7702 | Bailey   | Identified the +4 trident "Muyqow" {flame, +Blink rElec rN+
                  | Int+4}
  8045 | Bailey   | Got Goas's Tractate on Allied Dark Deeds
  8295 | D:7      | HP: 2/40 [wight/+4 trident of freezing (5)]
  8295 | D:7      | Slain by a wight

Illustrated notes

Levels and vault maps discovered:
D:1:      heliophobic_arrival_battle_scene, layout_basic,
          hangedman_feature_mirror, minivault_19
D:2:      cheibrodos_helix_gallery, layout_basic, basic_altar,
          dreamdust_wishing_well, reono_crystal_passage, minmay_crystal_water
D:3:      layout_basic, nicolae_gozag_cash_rules_everything_around_me,
          gammafunk_ghost_icy
D:4:      layout_basic, mainiacjoe_overflow_small_starburst,
          hangedman_glass_teeth, chequers_big_river
D:5:      layout_basic, mainiacjoe_overflow_catwalk, nicolae_uskayaw_dance_hall,
          serial_shops, shop
D:6:      minmay_angry_zag, layout_layer_cave, mainiacjoe_overflow_24_doors
D:7:      layout_rooms, mainiacjoe_overflow_tiny_flanked,
          minmay_temple_entry_ruins, enter_bailey_2, corner_web_ring

Skill      XL: |  1  2  3  4  5  6  7  8  9 |
---------------+----------------------------+-----
Stealth        | 6 7 8 9 10 | 10.4
Dodging        | 2 3 4 5 6 |  6.0
Fighting       | 2 3 |  3.5
Spellcasting   | 1 2 3 4 |  4.7
Short Blades   | 3 4 6 |  6.4
Hexes          | 1 2 3 4 |  4.6
Evocations     | 1 2 4 |  4.7
Ice Magic      | 1 2 |  2.9
Armour         | 1 2 3 |  3.0
Throwing       | 3 |  3.2

Action                   |  1- 3 |  4- 6 |  7- 9 || total
-------------------------+-------+-------+-------++-------
Melee: Dagger            |    66 |       |       ||    66
       Punch             |     1 |     1 |     7 ||     9
       Short sword       |    29 |   167 |   668 ||   864
 Fire: Sling             |       |       |     2 ||     2
Throw: Dart              |    18 |    26 |    46 ||    90
Evoke: Wand              |       |       |     7 ||     7
  Use: Scroll            |       |    13 |     6 ||    19
 Stab: Sleeping          |     9 |     9 |     8 ||    26
       Distracted        |       |     1 |     3 ||     4
Armor: Robe              |    10 |    26 |       ||    36
       Shadow dragon sca |       |     4 |   469 ||   473
Dodge: Dodged            |    65 |   132 |   385 ||   582
